Map: Odyssey LE

Players

MasQueeN

  • Race: Zerg Zerg
  • League: Gold
  • Spawn Location: 5:00

Auron - Winner!

  • Race: Zerg Zerg
  • League: Gold
  • Spawn Location: 11:00

VOD

Have the link to the VOD?

Description

This is a replay of me rushing to brood lords.

Time

  • Played on: May 19, 2017, 12:06 p.m.
  • Length: 6:54
Show
View Real Time Build Order
Export as new Build Order

MasQueeN Zerg 

Build Orders: Pool First 

Get SALT Encoding   

  12  0:01  Drone  
  13  0:08  Drone  
  14  0:14  Extractor  
  14  0:16  Drone  
  14  0:32  Spawning Pool  
  13  0:36  Drone  
  14  0:46  Overlord  
  14  0:50  Extractor  
  14  0:53  Drone  
  15  1:04  Drone x2  
  17  1:18  Lair  
  17  1:19  Extractor  
  17  1:21  Drone  
  17  1:26  Drone  
  17  1:29  Drone  
  19  1:43  Drone  
  20  1:57  Hatchery  
  19  2:16  Queen  
  19  2:17  Infestation Pit  
  20  2:54  Hive  
  20  2:56  Spire  
  19  3:04  Drone x3  
  22  3:16  Queen  
  24  3:42  Drone  
  24  3:43  Drone x2  
  24  3:44  Overlord  
  27  3:50  Extractor  
  27  3:52  Queen  
  29  3:57  Overlord  
  29  4:05  Pneumatized Carapace  
  29  4:08  Greater Spire  
  29  4:12  Drone  
  29  4:13  Drone x2  
  32  4:19  Evolution Chamber  
  32  4:23  Corruptor  
  33  4:31  Queen  
  35  4:48  Queen  
  35  4:51  Drone x2, Overlord  
  39  4:54  Drone x2  
  41  5:16  Queen  
  41  5:18  Drone x5  
  48  5:25  Brood Lord  
  50  5:30  Drone x2  
  52  5:39  Overlord  
  52  5:57  Queen  
  54  6:04  Drone  
  54  6:05  Drone x5  
  54  6:06  Overlord x2  
  60  6:23  Overlord x2  
Show
View Real Time Build Order
Export as new Build Order

Auron Zerg - Winner!

Build Orders: Hatch First 

Get SALT Encoding   

  12  0:01  Drone  
  13  0:13  Drone  
  14  0:22  Overlord  
  14  0:45  Drone  
  14  0:46  Hatchery  
  14  0:52  Drone  
  14  0:53  Drone  
  16  0:57  Extractor  
  15  1:04  Drone  
  16  1:18  Spawning Pool  
  15  1:23  Drone x2  
  17  1:33  Drone  
  18  1:49  Extractor  
  17  2:00  Drone  
  17  2:01  Overlord  
  18  2:05  Lair  
  18  2:13  Queen  
  20  2:17  Drone  
  20  2:22  Drone  
  22  2:26  Drone  
  23  2:34  Drone  
  24  2:40  Drone x2  
  26  2:47  Evolution Chamber  
  26  2:49  Drone  
  26  2:58  Drone  
  27  3:02  Queen  
  29  3:07  Drone  
  30  3:19  Hydralisk Den  
  29  3:20  Drone  
  29  3:21  Overlord  
  31  3:27  Drone  
  31  3:35  Spine Crawler  
  31  3:36  Drone x2  
  32  3:43  Spore Crawler  
  31  3:49  Drone  
  31  3:53  Extractor  
  31  3:58  Spine Crawler  
  31  3:59  Drone  
  31  4:03  Hydralisk  
  31  4:04  Hydralisk  
  35  4:12  Drone  
  36  4:17  Drone x3  
  38  4:36  Infestation Pit  
  38  4:38  Muscular Augments  
  37  4:39  Hydralisk x2  
  42  4:45  Drone x2  
  43  4:59  Zerg Missile Weapons Level 1  
  43  5:01  Evolution Chamber  
  42  5:10  Drone  
  42  5:11  Drone  
  42  5:12  Overlord  
  44  5:21  Pneumatized Carapace  
  44  5:24  Pathogen Glands  
  44  5:26  Overlord  
  44  5:31  Spore Crawler  
  44  5:34  Drone x4, Extractor  
  46  5:37  Overseer  
  46  5:42  Drone  
  47  5:43  Drone  
  48  6:05  Hydralisk x2  
  52  6:15  Hydralisk  
  52  6:16  Hydralisk x2  
Tags
 
League
GoldGold
Matchup
ZvZ
Race
Zerg
Spawn Locations
Cross Positions
Add a new tag
Caveats
  • Supply blocks, unpowered buildings, or Contaminate may cause inaccurate times.
  • Supply counts are checked every 10 seconds.